 Dungeon Crawl Stone Soup version 0.23.2-33-g5129a83184 (webtiles) character file.

Game seed: 18239674728735376677

49 Gwenloh the Magician (level 3, -4/19 HPs)
             Began as a Deep Elf Wizard on July 14, 2019.
             Slain by Crazy Yiuf
             ... wielding a +2 quarterstaff of chaos
              (7 damage)
             ... on level 2 of the Dungeon.
             The game lasted 00:13:46 (2810 turns).

Gwenloh the Magician (Deep Elf Wizard)              Turns: 2810, Time: 00:13:46

Health: -4/19      AC:  2    Str:  4    XL:     3   Next: 53%
Magic:  1/11       EV: 13    Int: 23    God:
Gold:   119        SH:  0    Dex: 13    Spells: 4/11 levels left

rFire    . . .     SeeInvis .   i - -2 dagger (curse)
rCold    . . .     Gourm    .   (no shield)
rNeg     . . .     Faith    .   a - +0 robe
rPois    .         Spirit   .   b - +0 hat
rElec    .         Reflect  .   (no cloak)
rCorr    .         Harm     .   (no gloves)
MR       .....                  (no boots)
Stlth    ++........             (no amulet)
HPRegen  0.06/turn              (no ring)
MPRegen  0.12/turn              (no ring)

@: very slightly contaminated
A: no striking features
a: no special abilities


You were on level 2 of the Dungeon.
You were hungry.

You visited 1 branch of the dungeon, and saw 2 of its levels.

You collected 119 gold pieces.

Inventory:

Hand Weapons
 c - a +0 short sword
 i - a cursed -2 dagger (weapon)
Armour
 a - a +0 robe (worn)
 b - a +0 hat (worn)
Potions
 e - a potion of curing
 f - a potion of mutation {unknown}
 h - a potion of berserk rage {unknown}
 j - a potion of degeneration {unknown}
Comestibles
 d - 9 rations
 g - a chunk of flesh


   Skills:
 + Level 3.1 Dodging
 + Level 3.2 Stealth
 + Level 4.8 Spellcasting
 + Level 1.9 Conjurations
 + Level 1.2 Summonings
 - Level 1.5 Translocations


You had 4 spell levels left.
You knew the following spells:

 Your Spells              Type           Power        Failure   Level  Hunger
a - Magic Dart            Conj           ##..         4%          1    None
b - Blink                 Tloc           N/A          8%          2    None
c - Call Imp              Summ           ##......     9%          2    None
d - Slow                  Hex            #.......     14%         2    None

Your spell library contained the following spells:

 Spells                   Type           Power        Failure   Level  Hunger
 Conjure Flame            Conj/Fire      ##......     19%         3    ##.....
 Mephitic Cloud           Conj/Pois/Air  #.......     22%         3    ##.....


Dungeon Overview and Level Annotations

Branches:
Dungeon (2/15)

Altars:
Ashenzari

Annotations:
D:2 Crazy Yiuf


Message History

Crazy Yiuf is heavily wounded.
Crazy Yiuf closely misses you.
Casting: Magic Dart (safe; 4% risk of failure)
Confirm with . or Enter, or press ? or * to list all spells.
You don't have enough magic to cast that spell.
Firing (i - inventory) No suitable missiles.
Press: ? - help, Shift-Dir - straight line, f/p - Crazy Yiuf
Aim: Crazy Yiuf, wielding a +2 quarterstaff of chaos and wearing a cursed +0 cloak (heavily wounded)
Okay, then.
You hit Crazy Yiuf but do no damage.
Crazy Yiuf is heavily wounded.
Crazy Yiuf barely misses you.
You hit Crazy Yiuf but do no damage.
Crazy Yiuf is heavily wounded.
Crazy Yiuf cries, "You leg down broken song, no?"
Crazy Yiuf completely misses you.
You hit Crazy Yiuf but do no damage.
Crazy Yiuf is heavily wounded.
Crazy Yiuf hits you with a +2 quarterstaff of chaos!
You die...

#)..#♣♣ ♣♣.+..## ##
#...'.♣♣♣♣......# .#
#...#♣..♣.......#### ##
### ♣♣♣.♣..'......#
♣♣♣♣♣##..##.# ##.##.#
######## ######.##.##
#.##.#.######.##.g.....#
#..#..........##@#.###.##
#....###......##.#.# #..#
.....# #..#############.#
.....###..##........###.#
.............#.....#.##.#
#...######..#.#)..#..##.#
##(## #...#...#...##.#
#.# #.....##....##.#
#.### #.....##....##.#


You could see Crazy Yiuf.

Vanquished Creatures
  An ooze (D:1)
  A worm (D:2)
  2 dart slugs
  A leopard gecko (D:2)
  3 giant cockroaches
  4 goblins
  7 hobgoblins
  A quokka (D:2)
  5 bats
  3 frilled lizards
  5 kobolds (D:1)
  2 rats
35 creatures vanquished.

Notes
Turn   | Place    | Note
-------+----------+-------------------------------------------
     0 | D:1      | Gwenloh the Deep Elf Wizard began the quest for the Orb.
     0 | D:1      | Reached XP level 1. HP: 10/10 MP: 7/7
   304 | D:1      | Reached XP level 2. HP: 15/15 MP: 2/9
   367 | D:1      | Learned a level 2 spell: Blink
   370 | D:1      | Learned a level 2 spell: Call Imp
   373 | D:1      | Learned a level 2 spell: Slow
  1238 | D:1      | Reached XP level 3. HP: 19/19 MP: 8/11
  1669 | D:2      | Found a shattered altar of Ashenzari.
  1777 | D:2      | Found a shattered altar of Ashenzari.
  2509 | D:2      | Found a runed translucent door.
  2510 | D:2      | Noticed Crazy Yiuf
  2810 | D:2      | Slain by Crazy Yiuf

Skill      XL: |  1  2  3 |
---------------+----------+-----
Stealth        | 3 |  3.2
Dodging        | 3 |  3.1
Spellcasting   | |  4.8
Conjurations   | |  1.9
Summonings     | |  1.2
Translocations | |  1.5

Action                   || total
-------------------------++-------
Melee: Dagger            ||     3
 Cast: Magic Dart        ||   111
       Blink             ||     1
  Use: Scroll            ||     4
  Eat: Chunk             ||     5
Dodge: Dodged            ||    13
